 Dungeon Crawl Stone Soup version 0.31-a0-237-g2d982f9f85 (webtiles) character file.

Game seed: 5782077135996155844

61 qw the Shooter (level 4, -1/26 HPs)
             Began as a Gargoyle Hexslinger on July 10, 2023.
             Slain by a kobold
             ... wielding a +0 club
              (4 damage)
             ... on level 3 of the Dungeon.
             The game lasted 00:00:42 (1421 turns).

qw the Shooter (Gargoyle Hexslinger)                Turns: 1421, Time: 00:00:43

Health: -1/26      AC:  8    Str: 12    XL:     4   Next: 7%
Magic:  5/5        EV: 10    Int: 13    God:
Gold:   104        SH:  0    Dex: 14    Spells: 4/5 levels left

rFire   . . .        Y - +2 sling
rCold   . . .        (no shield)
rNeg    + . .        f - +0 ring mail
rPois   inf          (no helmet)
rElec   +            (no cloak)
rCorr   .            (no gloves)
SInv    .            (no boots)
Will    .....        (no amulet)
Stlth   +            (no ring)
HPRegen 0.24/turn    (no ring)
MPRegen 0.09/turn

%: no passive effects
@: about to teleport
A: sickness immunity, AC +3, negative energy resistance 1, electricity
resistance, torment resistance 1, petrification resistance
a: no special abilities


You were on level 3 of the Dungeon.
You visited 1 branch of the dungeon, and saw 3 of its levels.

You collected 104 gold pieces.


Innate Abilities, Weirdness & Mutations

You are immune to sickness and miasma.
Your stone body is resilient. (AC +3)
You are immune to poison.
You resist negative energy. (rN+)
You are resistant to electric shocks. (rElec)
You are resistant to unholy torment.
You are immune to petrification.


   Skills:
 - Level 2.0 Fighting
 + Level 3.9 Ranged Weapons
 - Level 1.5 Dodging
 - Level 1.0 Spellcasting
 - Level 2.6 Hexes


You had 4 spell levels left.
You knew the following spells:

 Your Spells              Type           Power      Damage    Failure   Level
a - Slow                  Hex            28%        N/A       22%         1

Your spell library contained the following spells:

 Spells                   Type           Power      Damage    Failure   Level
 Inner Flame              Hex/Fire       4%         N/A       73%         3
 Portal Projectile        Hex/Tloc       8%         N/A       73%         3
 Cause Fear               Hex            3%         N/A       91%         4

Inventory:

Hand Weapons
 Y - a +2 sling (weapon)
Armour
 f - a +0 ring mail (worn)
Scrolls
 b - a scroll of identify
 h - a scroll of teleportation
Potions
 a - a potion of haste {unknown}
 c - a potion of attraction {unknown}
 e - a potion of degeneration {unknown}
 g - a potion of might
 i - a potion of curing {unknown}
 l - a potion of ambrosia {unknown}

Dungeon Overview and Level Annotations

Branches:
Dungeon (3/15)

Altars:
Kikubaaqudgha


Message History

The orc hits you with a +0 club. The orc barely misses you.
The ball python bites you but does no damage.
The ball python constricts you. The orc closely misses you.
The orc hits you with a +0 hand axe. The ball python closely misses you.
The ball python constricts you.
You shoot a sling bullet.
The sling bullet completely misses the ball python.
The ball python bites you. The ball python constricts you.
The orc hits you with a +0 club. The orc hits you with a +0 hand axe.
You shoot a sling bullet.
The sling bullet closely misses the ball python.
The ball python bites you but does no damage.
The ball python constricts you. The orc hits you but does no damage. x2
The ball python bites you but does no damage.
The ball python constricts you.
You shoot a sling bullet. The sling bullet hits the ball python.
You kill the ball python!
The orc barely misses you. x2; The kobold hits you with a +0 club.
The orc hits you but does no damage. The orc hits you with a +0 hand axe.
You shoot a sling bullet.
The sling bullet closely misses the orc.
The orc barely misses you. The kobold closely misses you.
The orc barely misses you.
You shoot a sling bullet. The sling bullet hits the orc!
You kill the orc!
The kobold hits you but does no damage. The orc misses you.
The orc closely misses you. The kobold completely misses you.
You shoot a sling bullet. The sling bullet hits the orc.
The orc is severely wounded.
The kobold closely misses you. The orc hits you but does no damage.
You shoot a sling bullet.
The sling bullet closely misses the orc.
The kobold hits you but does no damage. The orc hits you with a +0 club.
1420 ||| READING 2 scrolls of teleportation.
As you read the scroll of teleportation, it crumbles to dust.
You feel strangely unstable. The kobold hits you with a +0 club.
The orc barely misses you.
You shoot a sling bullet. The sling bullet barely misses the orc.
The orc hits you but does no damage. The kobold hits you with a +0 club.
You die...

#....$ .#
#$.... .#
#..... .###
#..... ...
..... ..
#...#.
+..o)#
#..K@#
####.# #.#
###.# #<#.#
#.#.# #.#.#
#.#.#
#######.#.#


You could see an orc and a kobold.

Vanquished Creatures
  2 worms (D:2)
  3 orcs (D:3)
  3 endoplasms
  4 goblins
  8 hobgoblins
  4 jackals (D:2)
  4 kobolds
  2 quokkas
  5 ball pythons
  7 bats
  A frilled lizard (D:1)
43 creatures vanquished.

Notes
Turn   | Place    | Note
-------+----------+-------------------------------------------
     0 | D:1      | qw the Gargoyle Hexslinger began the quest for the Orb.
     0 | D:1      | Reached XP level 1. HP: 12/12 MP: 2/2
     0 | D:1      | 0 ||| qw: Version: 0.3-a-52-g30416fa
     0 | D:1      | 0 ||| qw: Game counter: 5352
     0 | D:1      | 0 ||| qw: Melee chars always use a shield: true
     0 | D:1      | 0 ||| qw: God list: Okawaru
     0 | D:1      | 0 ||| qw: Allow faded altars: false
     0 | D:1      | 0 ||| qw: Do Orc after clearing Dungeon:15 true
     0 | D:1      | 0 ||| qw: Do second Lair branch before Depths: true
     0 | D:1      | 0 ||| qw: Lair rune preference: random
     0 | D:1      | 0 ||| qw: Goals: Normal
     0 | D:1      | 0 ||| PLANNING D:1-11
    85 | D:1      | Reached XP level 2. HP: 16/16 MP: 3/3
   111 | D:1      | 111 ||| FLEEEEING.
   112 | D:1      | 112 ||| FLEEEEING.
   113 | D:1      | 113 ||| FLEEEEING.
   114 | D:1      | 114 ||| FLEEEEING.
   115 | D:1      | 115 ||| FLEEEEING.
   119 | D:1      | 119 ||| FLEEEEING.
   120 | D:1      | 120 ||| FLEEEEING.
   121 | D:1      | 121 ||| FLEEEEING.
   132 | D:1      | 132 ||| FLEEEEING.
   133 | D:1      | 133 ||| FLEEEEING.
   134 | D:1      | 134 ||| FLEEEEING.
   135 | D:1      | 135 ||| FLEEEEING.
   136 | D:1      | 136 ||| FLEEEEING.
   137 | D:1      | 137 ||| FLEEEEING.
   143 | D:1      | 143 ||| FLEEEEING.
   144 | D:1      | 144 ||| FLEEEEING.
   145 | D:1      | 145 ||| FLEEEEING.
   206 | D:1      | Reached skill level 3 in Ranged Weapons
   355 | D:1      | Reached XP level 3. HP: 21/21 MP: 4/4
   573 | D:1      | Found a faded altar of an unknown god.
   646 | D:1      | 646 ||| UPGRADING to +0 leather armour.
   656 | D:1      | 656 ||| DROPPING +0 robe.
   657 | D:1      | 657 ||| READING scroll labelled IRUEHIEGHI.
   658 | D:1      | 658 ||| READING scroll labelled IRINEOQ RUXTU.
   659 | D:1      | 659 ||| READING 2 scrolls labelled BOLOIS YNU.
   662 | D:1      | 662 ||| READING scroll labelled VERCHOCLACO.
   663 | D:1      | 663 ||| DRINKING 2 silvery potions.
   664 | D:1      | 664 ||| DROPPING scroll of poison.
  1283 | D:2      | Found an ancient bone altar of Kikubaaqudgha.
  1367 | D:2      | 1367 ||| UPGRADING to +0 ring mail.
  1377 | D:2      | 1377 ||| DROPPING +0 leather armour.
  1378 | D:2      | 1378 ||| READING scroll labelled VOG EDOYPEHUIC.
  1412 | D:3      | Reached XP level 4. HP: 25/26 MP: 5/5
  1419 | D:3      | HP: 3/26 [orc/+0 club (5)]
  1420 | D:3      | 1420 ||| READING 2 scrolls of teleportation.
  1421 | D:3      | Slain by a kobold

Levels and vault maps discovered:
D:1:      amcnicky_arrival_abandoned_market, layout_rooms,
          nicolae_ecumenical_lake_church, chequers_serial_rivers_small_a,
          minmay_stone_trees_small
D:2:      layout_loops_ring, basic_altar
D:3:      layout_basic, lemuel_zombie_altar_yredelemnul, uniq_grinder

Skill      XL: |  1  2 |
---------------+-------+-----
Ranged Weapons | 3 |  3.9
Fighting       | 2 |  2.0
Dodging        | |  1.5
Spellcasting   | |  1.0
Hexes          | |  2.6

Action                     |  1- 3 |  4- 6 || total
---------------------------+-------+-------++-------
   Fire: Sling             |   146 |     9 ||   155
    Use: Scroll            |     5 |     1 ||     6
         Potion            |     1 |       ||     1
 Armour: Robe              |     9 |       ||     9
         Leather armour    |     8 |       ||     8
         Ring mail         |     3 |    10 ||    13
  Dodge: Dodged            |    43 |    13 ||    56

Table legend:
 A = Non-vault XP
 B = Vault XP
 C = Vault XP percentage of total XP
 D = Non-vault monster count
 E = Vault monster count
 F = Vault count percentage of total count
                 A         B        C        D         E       F
            +---------+---------+-------+---------+---------+-------
      Total |      88 |       0 |   0.0 |      43 |       0 |   0.0
            +---------+---------+-------+---------+---------+-------
        D:1 |      39 |       0 |   0.0 |      22 |       0 |   0.0
        D:2 |      39 |       0 |   0.0 |      17 |       0 |   0.0
        D:3 |      10 |       0 |   0.0 |       4 |       0 |   0.0
            +---------+---------+-------+---------+---------+-------
